 Dungeon Crawl Stone Soup version 0.29-a0-214-g17f627cfee (webtiles) character file.

Game seed: 3051923379944188088

420 mcwallace the Shield-Bearer (level 6, -2/33 HPs)
             Began as a Vine Stalker Fighter on Feb 25, 2022.
             Slain by a gnoll sergeant
             ... wielding a +3 trident of pain
              (12 damage)
             ... on level 4 of the Dungeon.
             The game lasted 00:04:34 (3645 turns).

mcwallace the Shield-Bearer (Vine Stalker Fighter)  Turns: 3645, Time: 00:04:34

Health: -2/33      AC:  6    Str: 20    XL:     6   Next: 94%
Magic:  0/10       EV: 14    Int:  8    God:
Gold:   201        SH:  5    Dex: 14    Spells: 10/10 levels left

rFire   . . .      SeeInvis .   a - +0 rapier {short}
rCold   . . .      Faith    .   c - +0 buckler
rNeg    . . .      Spirit   +   b - +0 scale mail
rPois   .          Reflect  .   (no helmet)
rElec   .          Harm     .   (no cloak)
rCorr   .          Rampage  .   (no gloves)
Will    .....                   (no boots)
Stlth   ..........              r - amulet of regeneration {@e2}
HPRegen 1.71/turn               k - +4 ring of evasion
MPRegen 0.12/turn               (no ring)

@: no status effects
A: fangs 2, regeneration 1, magic shield, antimagic bite, no potion heal 2
a: no special abilities


You were on level 4 of the Dungeon.
You visited 1 branch of the dungeon, and saw 5 of its levels.

You collected 201 gold pieces.


Innate Abilities, Weirdness & Mutations

You have extremely sharp teeth.
Your natural rate of healing is unusually fast.
When hurt, damage is shared between your health and your magic reserves.
Your bite disrupts and absorbs the magic of your enemies.
Potions cannot restore your health.


   Skills:
 + Level 3.6 Fighting
 + Level 3.0 Short Blades
 + Level 3.3 Armour
 + Level 1.9 Dodging
 + Level 3.7 Shields
 + Level 2.6 Spellcasting


You had 10 spell levels left.
You didn't know any spells.
Your spell library contained the following spells:

 Spells                   Type           Power      Damage    Failure   Level
 Magic Dart               Conj           4%         1d3       77%         1
 Searing Ray              Conj           2%         2d4       88%         2
 Sublimation of Blood     Necr           1%         N/A       88%         2
 Wereblood                Tmut           1%         N/A       88%         2
 Fulminant Prism          Conj/Hex       0%         3d6       100%        4
 Petrify                  Tmut/Erth      1%         N/A       100%        4
 Irradiate                Conj/Tmut      0%         3d13      100%        5
 Summon Hydra             Summ           0%         N/A       100%        7

Inventory:

Hand Weapons
 a - a +0 rapier (weapon) {short}
 t - a +4 shortbow {bow}
   (You found it on level 2 of the Dungeon)
 J - a +3 dagger {short}
   (You took it off a goblin on level 4 of the Dungeon)
Missiles
 f - 190 stones (quivered) {throwing}
 u - 5 poisoned darts {throwing}
 w - 2 silver boomerangs {throwing}
Armour
 b - a +0 scale mail (worn)
 c - a +0 buckler (worn)
 o - a +0 leather armour
   (You found it on level 2 of the Dungeon)
 p - a +0 ring mail
   (You found it on level 2 of the Dungeon)
 v - a +0 ring mail
   (You took it off an orc on level 3 of the Dungeon)
 x - a +0 ring mail
   (You found it on level 3 of the Dungeon)
 y - a +0 scale mail
   (You took it off an orc on level 3 of the Dungeon)
 z - a +0 leather armour
   (You took it off an orc on level 3 of the Dungeon)
 A - a +0 leather armour
   (You took it off an orc priest on level 3 of the Dungeon)
 B - a +0 ring mail
   (You took it off an orc on level 3 of the Dungeon)
 D - a +0 scale mail
   (You found it on level 3 of the Dungeon)
 E - a +0 robe
   (You found it on level 3 of the Dungeon)
 H - a +0 leather armour
   (You took it off an orc on level 4 of the Dungeon)
 I - a +0 leather armour
   (You took it off an orc priest on level 4 of the Dungeon)
 K - a +0 ring mail
   (You found it on level 4 of the Dungeon)
 L - a +0 robe
   (You found it on level 4 of the Dungeon)
Magical Staves
 C - a staff of fire {!astaff}
   (You found it on level 3 of the Dungeon)
Jewellery
 k - a +4 ring of evasion (left hand)
   (You found it on level 1 of the Dungeon)
 r - an amulet of regeneration (around neck) {@e2}
   (You found it on level 2 of the Dungeon)
Scrolls
 e - a scroll of immolation {unknown}
 i - a scroll of noise {unknown}
 l - 2 scrolls of identify {unknown}
 q - 2 scrolls of blinking {unknown}
 s - 2 scrolls of vulnerability {unknown}
 F - 3 scrolls of teleportation {unknown}
Potions
 d - 2 potions of might
 g - 2 potions of brilliance {unknown}
 h - 2 potions of attraction {unknown}
 j - 2 potions of heal wounds {unknown}
 m - a potion of flight {unknown}
 n - 2 potions of curing {unknown}
 G - a potion of resistance {unknown}

Dungeon Overview and Level Annotations

Branches:
Dungeon (5/15)
 Temple: D:4-7

Altars:
Hepliaklqana

Shops:
D:1

*
#.......................##.#...##
#####...................########
#.#................##
#####.#............#
######..#......### ##...........#
#..#<.##....## #..#)########
##.g@...#############
##...>#.............
#...##.....♣♣♣♣..♣♣
##.................
#.........######### #...####.##
##.## ### ###


You could see a gnoll sergeant.


Message History

You now have 33 max hp (+1).
You regained 3 hp, and now have 27/33 hp.
You hit the orc. Your bite misses the orc. The orc hits you with a +0 dagger.
The orc closely misses you. 😕 MP[-1]
You lost 1 mp, and now have 6/10 mp.
You hit the orc but do no damage. You bite the orc.
You kill the orc!
You block the orc's attack. 😕 HP[+1]
A gnoll sergeant and 2 gnolls come into view.
The gnoll sergeant is wielding a +3 trident of pain.
The gnoll sergeant shouts!
The gnoll shouts!
You hear a shout!
The orc misses you.
A gnoll comes into view. It is wielding a +0 spear.
The gnoll moves out of view.
Items here: )) [[. 😕 HP[+2]
You regained 2 hp, and now have 30/33 hp.
The gnoll shouts!
You hit the orc. You bite the orc.
You kill the orc!
You hear a shout! x2 😕 HP[+2] MP[+1]
You regained 2 hp, and now have 32/33 hp.
Things that are here:
a +0 dagger {short}; an orc corpse; 😎 HP[+1]
Your hp is fully restored (33).
A gnoll comes into view. It is wielding a +0 spear.
A gnoll comes into view. It is wielding a +0 whip.
There is a stone staircase leading up here.
The gnoll misses you.
The gnoll sergeant hits you from afar with a +3 trident of pain.
You writhe in agony.
The gnoll closely misses you. You block the gnoll's attack.
There is a stone staircase leading up, spattered with blood here. 😕 HP[-4] MP[-1]
You take 4 damage, and now have 29/33 hp.
You lost 1 mp, and now have 6/10 mp.
You block the gnoll sergeant's attack. The gnoll barely misses you. 😕 HP[+2]
You regained 2 hp, and now have 31/33 hp. 😎 HP[+2] MP[+1]
Your hp is fully restored (33).
The gnoll misses you.
The gnoll hits you from afar with a +0 spear. 😕 HP[-1]
You take 1 damage, and now have 32/33 hp.
The gnoll sergeant closely misses you. You block the gnoll's attack.
The gnoll hits you from afar with a +0 spear!
The gnoll hits you but does no damage.
There is a stone staircase leading up, spattered with blood here. 😕 HP[-5] MP[-2]
You take 5 damage, and now have 27/33 hp.
You lost 2 mp, and now have 5/10 mp.
The gnoll completely misses you.
The gnoll hits you from afar with a +0 spear.
You block the gnoll's attack. The gnoll barely misses you.
You climb upwards.
There is a stone staircase leading down here. 😕 HP[+3] MP[-1]
You regained 3 hp, and now have 30/33 hp.
You lost 1 mp, and now have 4/10 mp.
You hit the gnoll.
The gnoll sergeant hits you with a +3 trident of pain!
You writhe in agony.
The gnoll barely misses you. 😮 HP[-11] MP[-1]
You take 11 damage, and now have 19/33 hp.
MASSIVE DAMAGE!! (PAUSE)
You lost 1 mp, and now have 3/10 mp.
You hit the gnoll. The gnoll sergeant barely misses you.
The gnoll hits you with a +0 whip.
The gnoll sergeant hits you with a +3 trident of pain.
You puncture the gnoll!
You kill the gnoll!
The gnoll sergeant hits you with a +3 trident of pain.
You writhe in agony. 😮 HP[-2]
You take 2 damage, and now have 17/33 hp.
You hit the gnoll sergeant.
The gnoll sergeant hits you with a +3 trident of pain!
* * * LOW HITPOINT WARNING * * *
😨 HP[-6] MP[-1]
You take 6 damage, and now have 11/33 hp.
You lost 1 mp, and now have 2/10 mp.
You barely miss the gnoll sergeant.
You bite the gnoll sergeant, but do no damage.
The gnoll sergeant hits you with a +3 trident of pain!
* * * LOW HITPOINT WARNING * * *
😱 HP[-4] MP[-1]
You take 4 damage, and now have 7/33 hp.
You lost 1 mp, and now have 1/10 mp.
You hit the gnoll sergeant but do no damage.
The gnoll sergeant barely misses you. 😱 HP[+1] Unknown command.
You hit the gnoll sergeant.
You bite the gnoll sergeant, but do no damage.
The gnoll sergeant hits you with a +3 trident of pain!
You die...

Skill      XL: |  1  2  3  4  5  6 |
---------------+-------------------+-----
Short Blades   | 2 3 |  3.0
Shields        | 3 |  3.7
Fighting       | 3 |  3.6
Spellcasting   | 1 2 |  2.6
Dodging        | 1 |  1.9
Armour         | 3 |  3.3

Action                   |  1- 3 |  4- 6 || total
-------------------------+-------+-------++-------
Melee: Rapier            |   112 |   244 ||   356
       Bite              |    25 |    70 ||    95
Armor: Scale mail        |    43 |    55 ||    98
Dodge: Dodged            |    52 |   136 ||   188
Block: Buckler           |    29 |    47 ||    76

Levels and vault maps discovered:
D:1:      dpeg_arrival_morbid_curiosity, layout_basic, serial_shops, shop,
          shapermc_ecumenical_altar_ellora
D:2:      layout_loops_ring, chequers_serial_rivers_micro_a
D:3:      layout_loops_ring, uniq_ijyb
D:4:      layout_cave_pools, mainiacjoe_overflow_boulevard, kennysheep_diamond
D:5:      layout_basic, mainiacjoe_overflow_tiny_flanked

Notes
Turn   | Place    | Note
-------+----------+-------------------------------------------
     0 | D:1      | mcwallace the Vine Stalker Fighter began the quest for the
                  | Orb.
     0 | D:1      | Reached XP level 1. HP: 11/11 MP: 2/2
     0 | D:1      | magus.rc [v1.9.6]
    89 | D:1      | Reached XP level 2. HP: 16/16 MP: 3/3
   109 | D:1      | Reached skill level 2 in Short Blades
   463 | D:1      | Reached XP level 3. HP: 19/19 MP: 4/4
   480 | D:1      | Reached skill level 3 in Shields
   638 | D:1      | Found a faded altar of an unknown god.
   910 | D:1      | Reached skill level 3 in Fighting
   910 | D:1      | Reached skill level 1 in Spellcasting
   933 | D:1      | You pick up a book of Blood and begin reading...
   933 | D:1      | You add the spells Sublimation of Blood, Wereblood and
                  | Summon Hydra to your library.
   938 | D:1      | Found Zizeizio's General Store.
  1399 | D:2      | Gained mutation: Your natural rate of healing is unusually
                  | fast. [Vine Stalker growth]
  1399 | D:2      | Reached XP level 4. HP: 19/24 MP: 4/6
  1430 | D:2      | You pick up a book of Conjurations {@e2} and begin
                  | reading...
  1430 | D:2      | You add the spells Magic Dart, Searing Ray and Fulminant
                  | Prism to your library.
  1494 | D:2      | Reached skill level 1 in Dodging
  2189 | D:3      | Reached XP level 5. HP: 28/28 MP: 4/8
  2292 | D:3      | Reached skill level 3 in Armour
  2342 | D:3      | Reached skill level 2 in Spellcasting
  2377 | D:3      | Reached XP level 6. HP: 31/32 MP: 4/10
  2466 | D:3      | You pick up a book of Alchemy and begin reading...
  2466 | D:3      | You add the spells Petrify and Irradiate to your library.
  2691 | D:3      | Noticed Ijyb
  3173 | D:4      | Reached skill level 3 in Short Blades
  3181 | D:4      | You pick up a book of Blood and begin reading...
  3407 | D:4      | Found a hazy altar of Hepliaklqana.
  3615 | D:5      | Entered Level 5 of the Dungeon
  3643 | D:4      | HP: 7/33 [gnoll sergeant/+3 trident of pain (6)]
  3645 | D:4      | Slain by a gnoll sergeant

Vanquished Creatures
  2 hounds
  5 orc priests
  An iguana (D:3)
  5 adders
  A gnoll (D:4)
  3 worms
  4 dart slugs
  15 orcs
  8 ball pythons
  9 endoplasms
  4 giant cockroaches
  9 goblins
  7 hobgoblins
  10 kobolds
  3 quokkas
  5 bats
  2 frilled lizards
  16 rats
109 creatures vanquished.

Table legend:
 A = Non-vault XP
 B = Vault XP
 C = Vault XP percentage of total XP
 D = Non-vault monster count
 E = Vault monster count
 F = Vault count percentage of total count
                 A         B        C        D         E       F
            +---------+---------+-------+---------+---------+-------
      Total |     543 |      57 |   9.5 |     102 |       7 |   6.4
            +---------+---------+-------+---------+---------+-------
        D:1 |      49 |      10 |  16.9 |      28 |       5 |  15.2
        D:2 |      81 |       0 |   0.0 |      28 |       0 |   0.0
        D:3 |     220 |      47 |  17.6 |      28 |       2 |   6.7
        D:4 |     146 |       0 |   0.0 |      15 |       0 |   0.0
        D:5 |      47 |       0 |   0.0 |       3 |       0 |   0.0
            +---------+---------+-------+---------+---------+-------

Illustrated notes

Table legend:
 A = Kills in this place as a percentage of kills in entire the game.
 B = Kills by you in this place as a percentage of kills by you in the entire game.
 C = Kills by friends in this place as a percentage of kills by friends in the entire game.
 D = Other kills in this place as a percentage of other kills in the entire game.
 E = Experience gained in this place as a percentage of experience gained in the entire game.
 F = Experience gained in this place divided by the number of levels of this place that you have seen.
                   A       B       C       D       E      F
               +-------+-------+-------+-------+-------+----------------------
         Total | 100.0 | 100.0 |   N/A |   N/A | 100.0 | 120.0
       Dungeon | 100.0 | 100.0 |   N/A |   N/A | 100.0 | 120.0
               +-------+-------+-------+-------+-------+----------------------

Table legend: (Time is in decaauts)
 A = Elapsed time spent in this place.
 B = Non-inter-level travel time spent in this place.
 C = Inter-level travel time spent in this place.
 D = Time resting spent in this place.
 E = Time spent auto-exploring this place.
 F = Levels seen in this place.
 G = Mean time per level.
                   A        B        C        D        E       F      G
               +--------+--------+--------+--------+--------+-----+--------+
         Total |   3695 |   3513 |    182 |      0 |   2767 |   5 |  739.0 |
       Dungeon |   3695 |   3513 |    182 |      0 |   2767 |   5 |  739.0 |
               +--------+--------+--------+--------+--------+-----+--------+

Top non-repeatable levels by time:
     D:1: 1278 daAuts
     D:2: 873 daAuts
     D:3: 868 daAuts
     D:4: 650 daAuts
     D:5: 23 daAuts
